 Dungeon Sprint DCSS version 0.16-a0-3841-g2612308 (console) character file.

42 Monkaria the Slasher (level 3, 27/37 HPs)
             Began as a Hill Orc Fighter on Jan 30, 2015.
             Quit the game in the Dungeon (Sprint IX: "|||||||||||||||||||||||||||||").
             The game lasted 00:00:25 (174 turns).

Monkaria the Slasher (Hill Orc Fighter)              Turns: 174, Time: 00:00:26

Health: 27/37      AC:  6    Str: 19    XL:     3   Next: 54%
Magic:  3/3        EV:  7    Int:  8    God:
Gold:   0          SH:  9    Dex: 10    Spells: 0 memorised, 2 levels left

rFire  . . .     SeeInvis .     a - +0 long sword
rCold  . . .     Clarity  .     b - +0 scale mail
rNeg   . . .     SustAb   .     c - +0 shield
rPois  .         Gourm    .     (no helmet)
rElec  .         Spirit   .     (no cloak)
rCorr  .         Warding  .     (no gloves)
rMut   .         NoTele   +     (no boots)
MR     .....                    (no amulet)
Stlth  ..........               (no ring)
                                (no ring)

@: not resistant to hostile enchantments, extremely unstealthy
A: no striking features
a: no special abilities


You were in the Dungeon.
You were not hungry.

You visited 1 branch

Inventory:

Hand weapons
 a - a +0 long sword (weapon)
 p - a +2 scimitar of slicing
Armour
 b - a +0 scale mail (worn)
 c - a +0 shield (worn)
Jewellery
 q - a +3 ring of dexterity
 r - a +3 ring of dexterity
Magical devices
 o - a wand of cold (7)
Scrolls
 k - 2 scrolls of blinking
 m - 3 scrolls of remove curse
 n - 2 scrolls of amnesia
Potions
 e - a potion of might
 f - 5 potions of curing
 g - 3 potions of heal wounds
 h - a potion of haste
 i - 4 potions of magic
 j - a potion of berserk rage
 l - a potion of invisibility
Comestibles
 d - a meat ration


   Skills:
 + Level 5.8 Fighting
 * Level 6.3 Long Blades
 - Level 3.2 Armour
 - Level 3.2 Shields


You had 2 spell levels left.
You didn't know any spells.

Dungeon Overview and Level Annotations

Branches:
Dungeon (1/1)

Altars:
Cheibriados
Dithmenos
Elyvilon
Fedhas
Gozag
Kikubaaqudgha
Makhleb
Nemelex Xobeh
Okawaru
Qazlal
Ru
Sif Muna
Trog
Vehumet
Xom
Yredelemnul
Zin
The Shining One
Beogh
Jiyva
Lugonu


Message History

There is a sacrificial altar of Ru here.
You open the door.
Found seven items.
Found a +3 ring of dexterity.
There is an open door here.
Found a +3 ring of dexterity.
i - 4 potions of magic (gained 2);
l - a potion of invisibility
g - 3 potions of heal wounds (gained 2);
f - 5 potions of curing (gained 4)
m - 3 scrolls of remove curse;
n - 2 scrolls of amnesia
k - 2 scrolls of blinking (gained 1)
o - a wand of cold (7)
You see here an uncursed staff of energy.
Items here: ))))))
p - a +2 scimitar of slicing You see here a +0 pair of gloves.
You see here a +0 helmet.
You see here a +1 chain mail.
q - a +3 ring of dexterity
r - a +3 ring of dexterity Are you sure you want to abandon this character and quit the game? (Confirm with "yes".) ▓▓▓▓▓▓▓▓▓▓▓▓▓▓▓▓▓▓ +@.[[[)|..'_______ ▓▓▓▓▓▓▓▓▓▓▓▓▓▓▓▓▓▓

There were no monsters in sight!

Vanquished Creatures
  An orc wizard (D)
  A giant mite (D)
  A bat (D)
  A hobgoblin (D)
  2 kobolds (D)
  A giant gecko (D)
  A giant newt (D)
  A goblin (D)
  A jackal skeleton (D)
10 creatures vanquished.

Notes
Turn   | Place    | Note
--------------------------------------------------------------
     0 | D        | Monkaria, the Hill Orc Fighter, began the quest for the Orb.
     0 | D        | Reached XP level 1. HP: 19/19 MP: 1/1
    12 | D        | Reached skill level 4 in Fighting
    50 | D        | Noticed an orc wizard
    54 | D        | Reached XP level 2. HP: 28/28 MP: 2/2
    58 | D        | Killed an orc wizard
    58 | D        | Reached skill level 5 in Fighting
    58 | D        | Reached skill level 6 in Long Blades
    58 | D        | Reached XP level 3. HP: 34/36 MP: 3/3
   134 | D        | Found a glowing silver altar of Zin.
   134 | D        | Found a glowing golden altar of the Shining One.
   134 | D        | Found an ancient bone altar of Kikubaaqudgha.
   134 | D        | Found a basalt altar of Yredelemnul.
   134 | D        | Found a shimmering altar of Xom.
   134 | D        | Found a radiant altar of Vehumet.
   134 | D        | Found an iron altar of Okawaru.
   135 | D        | Found a burning altar of Makhleb.
   136 | D        | Found a deep blue altar of Sif Muna.
   137 | D        | Found a bloodstained altar of Trog.
   138 | D        | Found a sparkling altar of Nemelex Xobeh.
   139 | D        | Found a white marble altar of Elyvilon.
   140 | D        | Found a roughly hewn altar of Beogh.
   141 | D        | Found a viscous altar of Jiyva.
   142 | D        | Found a corrupted altar of Lugonu.
   143 | D        | Found a blossoming altar of Fedhas.
   144 | D        | Found a snail-covered altar of Cheibriados.
   145 | D        | Found a shadowy altar of Dithmenos.
   146 | D        | Found a stormy altar of Qazlal.
   147 | D        | Found an opulent altar of Gozag.
   148 | D        | Found a sacrificial altar of Ru.
   174 | D        | Quit the game

Action                   || total
-------------------------++-------
Melee: Long sword        ||    29
